 Dungeon Crawl Stone Soup version 0.23.2 (webtiles) character file.

Game seed: 13980032966962735639

2456 DrKleor the Carver (level 9, -6/64 HPs)
             Began as a Formicid Fighter on Apr 9, 2019.
             Was a Priest of Okawaru.
             Mangled by Prince Ribbit (7 damage)
             ... on level 6 of the Dungeon.
             The game lasted 00:12:19 (7982 turns).

DrKleor the Carver (Formicid Fighter)               Turns: 7982, Time: 00:12:20

Health: -6/64      AC: 10    Str: 24    XL:     9   Next: 79%
Magic:  7/9        EV: 12    Int: 13    God:    Okawaru [***...]
Gold:   256        SH:  7    Dex: 10    Spells: 8/8 levels left

rFire    + . .     SeeInvis +   A - +12 war axe of Makhleb's Supremacy {speed, *Corrode rPois rF+ Int+5}
rCold    . . .     Gourm    .   j - +0 buckler (curse)
rNeg     . . .     Faith    +   b - +0 scale mail
rPois    +         Spirit   .   (helmet unavailable)
rElec    .         Reflect  .   s - +0 cloak
rCorr    .         Harm     .   z - +0 pair of gloves
MR       .....                  (no boots)
Stlth    +.........             o - amulet of faith
HPRegen  0.20/turn              (no ring)
MPRegen  0.11/turn              (no ring)

@: heroism
A: permanent stasis, dig shafts and tunnels, four strong arms, antennae 3
a: Dig, Shaft Self, Heroism, Renounce Religion


You were on level 6 of the Dungeon.
You worshipped Okawaru.
Okawaru was most pleased with you.
You were very hungry.

You visited 1 branch of the dungeon, and saw 7 of its levels.

You collected 256 gold pieces.

Inventory:

Hand Weapons
 a - a +0 long sword
 A - the +12 war axe of Makhleb's Supremacy (weapon) {speed, *Corrode rPois rF+ Int+5}
   (You found it on level 4 of the Dungeon)

   Attacks with this weapon are significantly faster.
   It affects your intelligence (+5).
   It protects you from fire.
   It protects you from poison.
   It may corrode you when you take damage.
Armour
 b - a +0 scale mail (worn)
 c - a +0 shield
 j - a cursed +0 buckler (worn)
 s - a +0 cloak (worn)
 z - a +0 pair of gloves (worn)
Jewellery
 o - an amulet of faith (around neck)
 x - an uncursed ring of stealth
 D - a cursed amulet of inaccuracy {unknown}
 E - an uncursed ring of protection from fire {unknown}
Wands
 B - a wand of polymorph (13)
 F - a wand of scattershot (4)
 G - a wand of random effects (16)
Scrolls
 e - 2 scrolls of teleportation {unknown}
 g - 5 scrolls of identify {unknown}
 h - a scroll of enchant armour {unknown}
 k - a scroll of random uselessness {unknown}
 l - 4 scrolls of remove curse {unknown}
 m - 2 scrolls of magic mapping {unknown}
 n - a scroll of blinking {unknown}
 p - a scroll of noise {unknown}
 q - a scroll of fear {unknown}
 y - a scroll of amnesia {unknown}
Potions
 d - a potion of might
 i - 2 potions of agility
 r - a potion of cancellation {unknown}
 t - a potion of heal wounds {unknown}
 u - a potion of mutation {unknown}
 v - a potion of lignification {unknown}
 w - a potion of curing {unknown}
 C - a potion of flight {unknown}
 H - a potion of ambrosia {unknown}
Comestibles
 f - 10 rations


   Skills:
 - Level 3.2(8.2) Fighting
 * Level 10.4(15.4) Long Blades
 - Level 3.2(8.2) Armour
 - Level 9.3(14.3) Shields


You had 8 spell levels left.
You didn't know any spells.
Your spell library was empty.

Dungeon Overview and Level Annotations

Branches:
Dungeon (7/15)             Temple (0/1) D:6

Altars:
Dithmenos
Fedhas
Okawaru
Ru
Sif Muna
Trog
Vehumet
Zin
The Shining One

Annotations:
D:6 Prince Ribbit
D:7 Menkaure


Innate Abilities, Weirdness & Mutations

You cannot be hasted, slowed, berserked, paralysed or teleported.
You can dig through walls and to a lower floor.
Your four strong arms can wield two-handed weapons with a shield.
You have a pair of large antennae on your head. (SInv)


Message History

You hit Prince Ribbit.
Prince Ribbit is heavily wounded.
Prince Ribbit hits you!
* * * LOW HITPOINT WARNING * * *
Prince Ribbit hits you!
* * * LOW HITPOINT WARNING * * *
You barely miss Prince Ribbit.
Prince Ribbit is heavily wounded.
You block Prince Ribbit's attack.
Okay, then.
You gain the combat prowess of a mighty hero.
Prince Ribbit hits you but does no damage.
You closely miss Prince Ribbit.
Prince Ribbit is heavily wounded.
You block Prince Ribbit's attack. Prince Ribbit hits you.
* * * LOW HITPOINT WARNING * * *
You closely miss Prince Ribbit.
Prince Ribbit is heavily wounded.
Prince Ribbit hits you!
You die...

#.....)..#......≈≈≈≈≈.......#
#
#........#..............(...#
#
#........###....#(###.#####.#
# #........# #....(.# #.# #.#
# #####'#### #....### #.#
#<####
#.######....#####.#####.#...
#......#....+.........#.#.#.
#########...#########'#.#.#.
#.F@# #......#.#.
##################
###...##.## ..............#
#...##.# #############.#
#...##.# #.# #...##.# #.#
##.###.# #.# #)# #.# #.# #.#
#.# #.# #.# #.#


You could see Prince Ribbit.

Vanquished Creatures
  Pikel (D:7)
  Grinder (D:6)
  Sigmund (D:3)
  Edmund (D:6)
  2 slaves (D:7)
  A sky beast (D:5)
  A black bear (D:5)
  A centaur (D:5)
  2 ogres
  A bullfrog (D:6)
  A water moccasin zombie (D:7)
  A scorpion (D:4)
  A howler monkey (D:3)
  3 wights (D:6)
  5 crimson imps
  A bullfrog zombie (D:5)
  Crazy Yiuf (D:2)
  2 orc wizards (D:4)
  Jessica (D:3)
  An iguana (D:5)
  5 worker ants
  6 gnolls (D:4)
  A howler monkey skeleton (D:4)
  12 adders
  An adder zombie (D:5)
  An adder skeleton (D:4)
  4 worms
  4 dart slugs
  10 leopard geckos
  17 orcs
  7 giant cockroaches
  3 goblins
  7 hobgoblins
  2 jackals (D:4)
  3 quokkas
  3 ball pythons
  8 bats
  5 frilled lizards
  A jackal zombie (D:7)
  5 kobolds
  A leopard gecko skeleton (D:5)
  A quokka skeleton (D:5)
  4 rats
140 creatures vanquished.

Vanquished Creatures (others)
  A kobold (D:2)
1 creature vanquished.

Grand Total: 141 creatures vanquished

Notes
Turn   | Place    | Note
-------+----------+-------------------------------------------
     0 | D:1      | DrKleor the Formicid Fighter began the quest for the Orb.
     0 | D:1      | Reached XP level 1. HP: 18/18 MP: 1/1
   123 | D:1      | Reached XP level 2. HP: 20/24 MP: 2/2
   790 | D:2      | Found a radiant altar of Vehumet.
   830 | D:2      | Reached skill level 3 in Long Blades
   830 | D:2      | Reached XP level 3. HP: 16/29 MP: 3/3
  1691 | D:2      | Reached XP level 4. HP: 35/35 MP: 4/4
  2204 | D:2      | Found a shadowy altar of Dithmenos.
  2827 | D:2      | Found a runed translucent door.
  2828 | D:2      | Noticed Crazy Yiuf
  2834 | D:2      | Killed Crazy Yiuf
  2834 | D:2      | Reached skill level 4 in Long Blades
  2834 | D:2      | Reached XP level 5. HP: 41/41 MP: 5/5
  3471 | D:3      | Found an iron altar of Okawaru.
  3479 | D:3      | Became a worshipper of Warmaster Okawaru
  3489 | D:3      | Reached skill level 5 in Shields
  3790 | D:3      | Noticed Jessica
  3792 | D:3      | Found a deep blue altar of Sif Muna.
  3796 | D:3      | Found a sacrificial altar of Ru.
  3796 | D:3      | Found a blossoming altar of Fedhas.
  3801 | D:3      | Killed Jessica
  3801 | D:3      | Reached XP level 6. HP: 29/47 MP: 6/6
  3943 | D:3      | Reached skill level 5 in Long Blades
  4148 | D:3      | Noticed Sigmund
  4162 | D:3      | Killed Sigmund
  4162 | D:3      | Reached * piety under Okawaru
  4162 | D:3      | Reached XP level 7. HP: 26/52 MP: 7/7
  4396 | D:3      | Reached skill level 6 in Long Blades
  5218 | D:4      | Found a glowing silver altar of Zin.
  5593 | D:4      | Reached skill level 7 in Long Blades
  5598 | D:4      | Got a scorched war axe
  5599 | D:4      | Identified the +12 war axe of Makhleb's Supremacy {speed,
                  | *Corrode rPois rF+ Int+5} (You found it on level 4 of the
                  | Dungeon)
  5621 | D:4      | Reached XP level 8. HP: 51/58 MP: 8/8
  6090 | D:5      | Entered Level 5 of the Dungeon
  6107 | D:5      | Reached ** piety under Okawaru
  6507 | D:5      | Reached skill level 8 in Long Blades
  6536 | D:5      | Found a bloodstained altar of Trog.
  6975 | D:6      | Reached XP level 9. HP: 64/64 MP: 9/9
  7054 | D:6      | Found a staircase to the Ecumenical Temple.
  7059 | D:6      | Reached skill level 9 in Long Blades
  7280 | D:6      | Noticed Grinder
  7295 | D:6      | Killed Grinder
  7295 | D:6      | Reached *** piety under Okawaru
  7543 | D:6      | Noticed Edmund
  7550 | D:6      | Killed Edmund
  7754 | D:7      | Noticed Pikel
  7767 | D:7      | Killed Pikel
  7767 | D:7      | Reached skill level 10 in Long Blades
  7838 | D:7      | Found a glowing golden altar of the Shining One.
  7896 | D:7      | Found a sand-covered staircase.
  7955 | D:7      | Noticed Prince Ribbit
  7961 | D:7      | Noticed Menkaure
  7978 | D:6      | HP: 1/64 [Prince Ribbit (8)]
  7982 | D:6      | Mangled by Prince Ribbit

Skill      XL: |  1  2  3  4  5  6  7  8  9 |
---------------+----------------------------+-----
Shields        | 4 5 6 8 9 |  9.3
Long Blades    | 3 4 5 7 8 10 | 10.4
Fighting       | |  3.2
Armour         | |  3.2

Action                   |  1- 3 |  4- 6 |  7- 9 || total
-------------------------+-------+-------+-------++-------
Melee: Long sword        |    88 |   176 |   142 ||   406
       War axe           |       |       |   143 ||   143
Invok: Heroism           |       |       |     2 ||     2
 Abil: Dig               |       |       |     1 ||     1
  Eat: Chunk             |     1 |    10 |    11 ||    22
Armor: Scale mail        |    48 |    73 |    80 ||   201
Dodge: Dodged            |    45 |    83 |    89 ||   217
Block: Shield            |    21 |       |       ||    21
       Buckler           |    16 |    41 |    63 ||   120
       Rpst.: Long sword |    12 |    25 |    16 ||    53
